 Dungeon Crawl Stone Soup version 0.19.5 (webtiles) character file.

28 tidbits the Sneak (level 2, -1/19 HPs)
             Began as a High Elf Assassin on Dec 12, 2017.
             Slain by a river rat (6 damage)
             ... on level 3 of the Dungeon.
             The game lasted 00:02:07 (327 turns).

tidbits the Sneak (High Elf Assassin)                Turns: 327, Time: 00:02:07

Health: -1/19      AC:  3    Str:  9 (10) XL:     2   Next: 96%
Magic:  3/3        EV: 12    Int: 12 (14) God:
Gold:   43         SH:  0    Dex: 15 (18) Spells: 0 memorised, 1 level left

rFire  . . .     SeeInvis .     a - +2 dagger
rCold  + . .     Gourm    .     c - +0 robe
rNeg   . . .     Faith    .     (no shield)
rPois  .         Spirit   .     (no helmet)
rElec  .         Reflect  .     d - +0 cloak
rCorr  .         Harm     .     (no gloves)
MR     .....                    (no boots)
Stlth  +++.......               (no amulet)
                                (no ring)
                                m - +2 ring of dexterity

@: no status effects
A: cold resistance 1
a: no special abilities


You were on level 3 of the Dungeon.
You were not hungry.

You visited 1 branch of the dungeon, and saw 3 of its levels.

You collected 43 gold pieces.

Inventory:

Hand Weapons
 a - a +2 dagger (weapon)
 b - a +0 blowgun
Missiles
 e - 8 poisoned needles
Armour
 c - a +0 robe (worn)
 d - a +0 cloak (worn)
 n - a +0 ring mail
   (You found it on level 1 of the Dungeon)
 p - a +0 pair of gloves
   (You found it on level 3 of the Dungeon)
Jewellery
 m - a +2 ring of dexterity (left hand)
   (You found it on level 1 of the Dungeon)
Scrolls
 k - 2 scrolls of identify {unknown}
 l - a scroll of remove curse {unknown}
Comestibles
 g - 2 bread rations
 j - a meat ration


   Skills:
 + Level 2.2 Fighting
 + Level 2.8 Short Blades
 + Level 2.4 Throwing
 + Level 1.7 Dodging
 + Level 4.6 Stealth


You had one spell level left.
You didn't know any spells.

Dungeon Overview and Level Annotations

Branches:
Dungeon (3/15)

Altars:


Innate Abilities, Weirdness & Mutations

Your flesh is cold resistant. (rC+)


Message History

The curare-tipped needle hits the adder.
The adder is poisoned.
The adder convulses.
The adder seems to slow down.
The adder is severely wounded.
The adder bites you.
Wield which item (- for none, * to show all)? (? for menu, Esc to quit)
a - a +2 dagger (weapon)
The adder misses you.
You closely miss the adder.
The adder is heavily wounded.
You hit the adder.
You kill the adder!
f - 2 curare-tipped needles (gained 1)
A rat comes into view.
You enter the shallow water.
Moving in this stuff is going to be slow.
You hit the rat.
You kill the rat!
A rat comes into view.
What are your orders? t - Shout!
Orders for allies: a - Attack new target. r - Retreat! s - Stop attacking. g - Guard the area. f - Follow me.
Anything else - Cancel.
You shout for attention!
You barely miss the rat. You hit the rat.
The rat is heavily wounded.
The rat bites you.
You hit the rat.
You kill the rat!
You enter the shallow water.
Moving in this stuff is going to be slow.
You see here a rat corpse.
A river rat and a giant cockroach come into view.
The giant cockroach misses you.
The giant cockroach completely misses you.
The giant cockroach barely misses you. The giant cockroach barely misses you.
You see here a rat corpse.
You hit the giant cockroach but do no damage.
The giant cockroach bites you.
You barely miss the giant cockroach.
You hear the slow rusting of a drain.
The giant cockroach barely misses you. The giant cockroach bites you.
You closely miss the giant cockroach. The giant cockroach closely misses you.
You closely miss the giant cockroach. You hit the giant cockroach.
The giant cockroach is moderately wounded.
The giant cockroach bites you.
The giant cockroach bites you but does no damage.
You hit the giant cockroach.
You kill the giant cockroach!
That item cannot be evoked!
Unknown command.
Press: ? - help, v - describe, . - travel, g - get item
Here: a river rat A rat corpse.
Some shallow water.
Fire/throw which item? (* to show all) (? for menu, Esc to quit)
Press: ? - help, Shift-Dir - straight line, f - river rat
Aim: a river rat You toss away a curare-tipped needle.
The curare-tipped needle closely misses the river rat.
You hear a splash.
The river rat misses you.
Fire/throw which item? (* to show all) (? for menu, Esc to quit)
Press: ? - help, Shift-Dir - straight line, f/p - river rat
Aim: a river rat You toss away a curare-tipped needle.
The curare-tipped needle hits the river rat.
You hear a splash.
The river rat bites you. x2
Wield which item (- for none, * to show all)? (? for menu, Esc to quit)
You are already wielding that!
You hit the river rat but do no damage. The river rat bites you.
* * * LOW HITPOINT WARNING * * *
You closely miss the river rat. The river rat bites you.
* * * LOW HITPOINT WARNING * * *
You hit the river rat.
The river rat is lightly wounded.
The river rat barely misses you.
It was a potion of mutation.
You feel extremely strange.
You feel clumsy.
You feel resistant to cold.
You feel agile. The river rat closely misses you.
It was a potion of degeneration.
There was something very wrong with that liquid.
You feel weakened.
You feel dopey.
You feel clumsy. The river rat barely misses you.
It was a potion of ambrosia.
You are confused.
You feel invigorated. The river rat misses you.
You bump into the rock wall.
The river rat bites you but does no damage.
You bump into the rock wall.
The river rat bites you!
* * * LOW HITPOINT WARNING * * *
You bump into the rock wall.
You feel less invigorated.
You feel less confused. The river rat bites you.
You die...

#......# #......#
#......#
#.....##########
#.....#≈≈≈≈≈≈≈≈##
##......########≈#
....<..## #≈#
##.##..# #≈# #.
#### #@# #. #r# #
#≈# ≈#######≈#
#.≈≈≈r≈≈##
#########


You could see a river rat.

Vanquished Creatures
  An adder (D:3)
  2 leopard geckos (D:1)
  A bat (D:2)
  A giant cockroach (D:3)
  4 goblins (D:1)
  A hobgoblin (D:1)
  2 frilled lizards (D:1)
  2 kobolds
  4 rats
18 creatures vanquished.

Notes
Turn   | Place    | Note
-------+----------+-------------------------------------------
     0 | D:1      | tidbits the High Elf Assassin began the quest for the Orb.
     0 | D:1      | Reached XP level 1. HP: 14/14 MP: 2/2
   133 | D:1      | Reached XP level 2. HP: 16/19 MP: 3/3
   320 | D:3      | HP: 1/19 [river rat (4)]
   322 | D:3      | Gained mutation: You are clumsy. (Dex -2) [potion of mutation]
   322 | D:3      | Gained mutation: Your flesh is cold resistant. (rC+) [potion of mutation]
   322 | D:3      | Lost mutation: You are clumsy. (Dex -2) [potion of mutation]
   327 | D:3      | Slain by a river rat

Action                   || total
-------------------------++-------
Melee: Dagger            ||    42
 Fire: Blowgun           ||     1
  Use: Potion            ||     3
 Stab: Sleeping          ||     3
Armor: Robe              ||    12
Dodge: Dodged            ||    28

Table legend:
 A = Turns spent in this place as a percentage of turns spent in the entire game.
 B = Non-inter-level travel turns spent in this place as a percentage of non-inter-level travel turns spent in the entire game.
 C = Inter-level travel turns spent in this place as a percentage of turns spent in this place.
 D = Turns resting spent in this place as a percentage of non-inter-level travel turns spent in this place.
 E = Turns spent auto-exploring this place as a percentage of non-inter-level travel turns spent in this place.
 F = Non-inter-level travel turns spent in this place divided by the number of levels of this place that you've seen.
                   A       B       C       D       E      F
               +-------+-------+-------+-------+-------+----------------------
         Total | 100.0 | 100.0 |   0.0 |   0.0 |   0.0 | 103.3
       Dungeon | 100.0 | 100.0 |   0.0 |   0.0 |   0.0 | 103.3
               +-------+-------+-------+-------+-------+----------------------

Table legend:
 A = Kills in this place as a percentage of kills in entire the game.
 B = Kills by you in this place as a percentage of kills by you in the entire game.
 C = Kills by friends in this place as a percentage of kills by friends in the entire game.
 D = Other kills in this place as a percentage of other kills in the entire game.
 E = Experience gained in this place as a percentage of experience gained in the entire game.
 F = Experience gained in this place divided by the number of levels of this place that you have seen.
                   A       B       C       D       E      F
               +-------+-------+-------+-------+-------+----------------------
         Total | 100.0 | 100.0 |  -nan |  -nan | 100.0 |  13.3
       Dungeon | 100.0 | 100.0 |  -nan |  -nan | 100.0 |  13.3
               +-------+-------+-------+-------+-------+----------------------

Vault maps used:
D:1:      dpeg_arrival_boxes_within_box
D:2:      st_stairs_8
D:3:      gup_sewer_entry_spiral
